 Dungeon Sprint DCSS version 0.31-a0-986-g5e6e4ef867 (webtiles) character file.

Game seed: 3293074374531899418

4 rocky1 the Changeling (level 1, 0/19 HPs)
             Began as an Octopode Shapeshifter on Nov 14, 2023.
             Slain by a centaur (1 damage)
             ... in the Dungeon (Sprint IX: "|||||||||||||||||||||||||||||").
             The game lasted 00:00:11 (35 turns).

rocky1 the Changeling (Octopode Shapeshifter)         Turns: 35, Time: 00:00:11

Health: 0/19       AC:  1    Str: 13    XL:     1   Next: 70%
Magic:  1/1        EV: 13    Int: 12    God:
Gold:   0          SH:  0    Dex: 11    Spells: 0/0 levels left

rFire   . .          .
                       - Unarmed
rCold   . . .        (no shield)
rNeg    . . .        (helmet currently unavailable)
rPois   .            (no amulet)
rElec   .            (no ring)
rCorr   .            (no ring)
SInv    .            (no ring)
Will    .....        (no ring) Stlth
                     (no ring)
HPRegen 0.23/turn    (no ring)
MPRegen 0.07/turn    (no ring)
                     (no ring)

%: no teleportation
@: berserking, beast-form, very quick
A: beast (slay +2), almost no armour, amphibious, 8 rings, camouflage 1,
gelatinous body 1, (nimble swimmer 1), tentacles
a: Begin Untransformation


You were in the Dungeon.
You were a hulking beast.
You visited 1 branch

Inventory:

Talismans
 b - a beast talisman
 c - a flux talisman
Scrolls
 i - a scroll of blinking
Potions
 a - a potion of lignification
 d - a potion of curing
 f - a potion of haste
 g - 2 potions of magic


   Skills:
 + Level 1.0 Fighting
 + Level 2.3 Dodging
 + Level 3.5 Unarmed Combat
 + Level 3.6 Shapeshifting


You couldn't memorise any spells.
You didn't know any spells.
Your spell library was empty.

Dungeon Overview and Level Annotations

Branches:
Dungeon (1/1)

Altars:


Innate Abilities, Weirdness & Mutations

You are a hulking beast.
Your limbs bulge with bestial killing power. (Slay +2)
You cannot wear most types of armour.
You are amphibious.
You can wear up to eight rings at the same time.
Your skin changes colour to match your surroundings (Stealth+).
Your rubbery body absorbs attacks. (AC +1, EV +1)
((You are camouflaged when in or above water. (Stealth+)))
You have tentacles for arms and can constrict up to eight enemies at once.


Message History

The giant cockroach closely misses you.
You tentacle-slap the giant cockroach.
The giant cockroach is severely wounded.
You constrict the giant cockroach.
You kill the giant cockroach!
The kobold throws a stone.
The stone misses you. The kobold misses you.
Things that are here:
a +0 short sword; a giant cockroach corpse You tentacle-slap the kobold but do no damage.
You grab the kobold. You constrict the kobold. The kobold misses you.
You tentacle-slap the kobold.
You kill the kobold!
Things that are here:
a +0 short sword; 4 stones You start resting.
HP restored.
You open the door.
A centaur, a gnoll, a worm, an iguana and an adder come into view.
The centaur shouts!
The gnoll shouts!
The adder hisses angrily.
The centaur wields a +0 shortbow.
The centaur shoots an arrow.
The arrow barely misses you.
The iguana hisses angrily.
Unknown command.
The centaur unwields a +0 shortbow.
The centaur hits you. The centaur kicks you.
There is an open door, spattered with blood here.
Unknown command.
You feel much better. The centaur hits you. The centaur kicks you.
The centaur hits you.
The centaur kicks you but does no damage.
A red film seems to cover your vision as you go berserk!
You feel yourself moving faster!
You feel mighty! The centaur barely misses you. The centaur kicks you.
You tentacle-slap the centaur.
The centaur is moderately wounded.
The centaur hits you.
* * * LOW HITPOINT WARNING * * *
The centaur kicks you.
You die... ▓▓▓▓▓▓▓▓▓▓▓▓▓▓▓▓▓▓ ▓<...'))...hcwglS+ ▓▓▓▓▓▓▓▓▓▓▓▓▓▓▓▓▓▓

You could see a centaur, a worm, an iguana, a gnoll and an adder.

Vanquished Creatures
  A giant cockroach (D)
  A quokka (D)
  A ball python (D)
  2 kobolds (D)
5 creatures vanquished.

Notes
Turn   | Place    | Note
-------+----------+-------------------------------------------
     0 | D        | rocky1 the Octopode Shapeshifter began the quest for the
                  | Orb.
     0 | D        | Reached XP level 1. HP: 13/13 MP: 1/1
    31 | D        | Noticed a centaur
    31 | D        | Noticed an iguana
    35 | D        | Slain by a centaur

Illustrated notes

Levels and vault maps discovered:
D:        linesprint [early_d, line_temple, items_1, d_10, items_2, lair_1,
          lair_end, items_3, orc_1, orc_end, items_4, d_15, swamp_1, shoals_1,
          snake_1, spider_1, d_20, vaults_1, items_5, swamp_end, shoals_end,
          snake_end, spider_end, vaults_end, d_27, items_6, zot_1, zot_end,
          crypt_end, forest_end, elf_end, slime_end, tomb_end, abyss_end,
          pan_hell_end]

Action                     || total
---------------------------++-------
  Melee: Unarmed           ||    10
         Constrict         ||     4
         Tentacles         ||     2
    Use: Potion            ||     2
 Armour: Skin              ||    11
  Dodge: Dodged            ||     8

Table legend: (Time is in decaauts)
 A = Elapsed time spent in this place.
 B = Non-inter-level travel time spent in this place.
 C = Inter-level travel time spent in this place.
 D = Time resting spent in this place.
 E = Time spent auto-exploring this place.
 F = Levels seen in this place.
 G = Mean time per level.
                   A        B        C        D        E       F      G
               +--------+--------+--------+--------+--------+-----+--------+
         Total |     34 |     34 |      0 |     12 |      0 |   1 |   34.0 |
       Dungeon |     34 |     34 |      0 |     12 |      0 |   1 |   34.0 |
               +--------+--------+--------+--------+--------+-----+--------+

Top non-repeatable levels by time:
       D: 34 daAuts
